Login

Colorado Eagles vs Coachella Valley Firebirds

Created - 27 March 2024 at 23:16

Goals
1 2 3 T
Colorado Eagles 0 4 0 4
Coachella Valley Firebirds 0 2 0 2
Shots
1 2 3 T
Colorado Eagles 2 21 2 25
Coachella Valley Firebirds 3 9 5 17

GoalsPenalties
1st period
No Goal
No Penalty
2nd period
1. Coachella Valley Firebirds , Max McCormick 3 (Shane Wright 3) at 1:06
2. Colorado Eagles , Ben Meyers 11 (Brad Hunt 9, Chris Wagner 7) at 2:43
3. Colorado Eagles , Trenton Bliss 2 (Wyatt Aamodt 1, Spencer Smallman 2) at 9:32
4. Colorado Eagles , Riley Tufte 2 (Ben Meyers 3, Corey Schueneman 4) at 10:55
5. Colorado Eagles , Oskar Olausson 5 (Jean-Luc Foudy 7) at 11:42
6. Coachella Valley Firebirds , Max McCormick 4 (Gustav Olofsson 4, Shane Wright 4) at 14:59
Max McCormick (COA) for Cross-checking (Minor) at 11:49
Max McCormick (COA) for Interference (Minor) at 15:22
3rd period
No Goal
No Penalty
Goalie Stats
Ivan Prosvetov (COL), 15 saves from 17 shots - (0.882), W, 1-5-2, 60:00 minutes
Mads Sogaard (COA), 21 saves from 25 shots - (0.840), L, 2-6-1, 60:00 minutes
3 StarsOfficial
1 - Riley Tufte (COL)
2 - Ben Meyers (COL)
3 - Oskar Olausson (COL)
Referees : Kyle Rehman and Shaun Davis
Linesman : Luke Galvin and Michel Cormier
Game Note
No Game Note
Finance
Level 1 -- Attendance: 1926 (96.30%) -- Ticket Income $67,410
Level 2 -- Attendance: 981 (98.10%) -- Ticket Income $14,715
Total Attendance: 2907 (96.90%)
Total Ticket Income: $82,125
Other Income: $40,241
Total Income: $122,366



Team Name Goals Shots Shots Attemp Shots Blocked PIM HIT PP PK FO%
Colorado Eagles 4255950190 / 2 (0%)062%
Coachella Valley Firebirds 21733174160 / 0 (0.00%038%

Colorado Eagles
Player Name POS G A P +/- PIM HIT SHT SB MP PP MP PP SHT PK MP PK SHT FO% FOT GA TA
Alex BeaucageRW000000018:000:0000:0000% 000
Ben MeyersC1121012019:142:3000:00057% 2110
Brad HuntD0112021024:222:5900:0000% 032
Chris WagnerRW0111032022:042:3000:00050% 200
Corey SchuenemanD0112014024:222:5910:0000% 001
Jack AhcanD0000000020:150:5900:0000% 001
Jason PolinRW000000005:350:0000:0000% 000
Jean-Luc FoudyC0111021118:461:2800:00050% 630
Keaton MiddletonD0000011120:150:5900:0000% 011
Nate ClurmanD0000000015:230:0000:0000% 000
Ondrej PavelC0000000215:100:0000:000100% 500
Oskar OlaussonRW1011002018:371:2800:0000% 101
Riley TufteLW1011053021:502:3000:000100% 101
Sam MalinskiD000000000:000:0000:0000% 000
Sampo RantaLW0001023018:321:2800:000100% 100
Spencer SmallmanRW0110014016:020:0000:0000% 020
Trenton BlissLW1010001016:100:0000:0000% 000
Wyatt AamodtD0110011015:230:0000:0000% 001
Coachella Valley Firebirds
Player Name POS G A P +/- PIM HIT SHT SB MP PP MP PP SHT PK MP PK SHT FO% FOT GA TA
Andrew PoturalskiC000-2012017:000:0000:0000% 001
Cal O'ReillyC000000001:380:0000:0000% 000
Cameron HughesLW0000011216:420:0001:4900% 000
David GoyetteRW0000020014:220:0000:0000% 000
Gustav OlofssonD0110000124:410:0002:2100% 011
Jimmy SchuldtD000-1000219:160:0001:3700% 001
Kole LindC000-2000119:010:0001:34036% 1101
Luke HenmanC0000001010:350:0001:080100% 100
Marian StudenicRW0000031322:010:0002:0000% 221
Mark RassellLW000000003:240:0000:0900% 000
Max McCormickLW2020433120:500:0000:000100% 121
Mitch ReinkeD000-1010115:570:0000:0000% 001
Peetro SeppalaD000-1000218:450:0002:2100% 001
Ryker EvansD000-1001019:020:0001:3700% 011
Shane WrightC0220014117:460:0000:00040% 2010
Tye KartyeLW000-2022018:380:0001:1600% 010
Ville OttavainenD0000010321:460:0000:0000% 000
Ville PetmanC0000012014:360:0000:0000% 201

Colorado Eagles

5 vs 5 Forward
Line #Left WingCenterRight WingPHYDFOFWanted %Time %Time Play
1Riley TufteBen MeyersChris Wagner1224030%16:49
2Sampo RantaJean-Luc FoudyOskar Olausson1223034%19:02
3Trenton BlissOndrej PavelSpencer Smallman1222026%14:26
4Riley TufteChris WagnerAlex Beaucage1221010%5:45
5 vs 5 Defense
Line #DefenseDefensePHYDFOFWanted %Time %Time Play
1Brad HuntCorey Schueneman1224035%19:39
2Keaton MiddletonJack Ahcan1223034%19:16
3Nate ClurmanWyatt Aamodt1222027%15:23
4Brad HuntCorey Schueneman122103%1:44
Power Play Forward
Line #Left WingCenterRight WingPHYDFOFWanted %Time %Time Play
1Riley TufteBen MeyersChris Wagner1226063%2:30
2Sampo RantaJean-Luc FoudyOskar Olausson1224037%1:28
Power Play Defense
Line #DefenseDefensePHYDFOFWanted %Time %Time Play
1Brad HuntCorey Schueneman1226075%2:59
2Keaton MiddletonJack Ahcan1224025%0:59
Penalty Kill 4 Players Forward
Line #CenterWingPHYDFOFWanted %Time %Time Play
1Chris WagnerJean-Luc Foudy122600%0:00
2Riley TufteSampo Ranta122400%0:00
Penalty Kill 4 Players Defense
Line #DefenseDefensePHYDFOFWanted %Time %Time Play
1Brad HuntCorey Schueneman122600%0:00
2Keaton MiddletonJack Ahcan122400%0:00
Penalty Kill 3 Players
Line #WingPHYDFOFWanted %Time %Time PlayDefenseDefensePHYDFOFWanted %Time %Time Play
1Chris Wagner122600%0:00 Brad HuntCorey Schueneman122600%0:00
2Riley Tufte122400%0:00 Keaton MiddletonJack Ahcan122400%0:00
4 vs 4 Forward
Line #CenterWingPHYDFOFWanted %Time %Time Play
1Chris WagnerSpencer Smallman122600%0:00
2Riley TufteSampo Ranta122400%0:00
4 vs 4 Defense
Line #DefensePHYDFOFWanted %Time %Time Play
1Brad HuntCorey Schueneman122600%0:00
2Keaton MiddletonJack Ahcan122400%0:00
Last Minutes Offensive
Left WingCenterRight WingDefenseDefense
Riley TufteBen MeyersChris WagnerBrad HuntCorey Schueneman
Last Minutes Defensive
Left WingCenterRight WingDefenseDefense
Riley TufteBen MeyersChris WagnerBrad HuntCorey Schueneman
Time
Total ForwardTotal DefenseLast Minutes OffensiveLast Minutes Defensive
60:00 60:00 0:000:00
Extra Forwards
Normal PowerPlayPenalty Kill
Jason Polin, Chris Wagner, Spencer SmallmanJason Polin, Chris WagnerSpencer Smallman
Extra Defensemen
Normal PowerPlayPenalty Kill
Nate Clurman, Wyatt Aamodt, Keaton MiddletonNate Clurman, Wyatt AamodtKeaton Middleton
Penalty Shots
Chris Wagner, Ben Meyers, Riley Tufte, Sampo Ranta, Jean-Luc Foudy
Goalie
Ivan Prosvetov, Tommy Nappier
Custom OT Lines Forwards
Chris Wagner, Ben Meyers, Riley Tufte, Sampo Ranta, Jean-Luc Foudy, Oskar Olausson, Spencer Smallman, Alex Beaucage, Trenton Bliss, Ondrej Pavel
Custom OT Lines Defensemen
Brad Hunt, Corey Schueneman, Keaton Middleton, Jack Ahcan, Nate Clurman
Scratches
Benton Maass (Healthy), Matt Stienburg (Healthy), Trent Miner (Healthy)

Coachella Valley Firebirds

5 vs 5 Forward
Line #Left WingCenterRight WingPHYDFOFWanted %Time %Time Play
1Max McCormickShane WrightMarian Studenic1224034%19:16
2Tye KartyeKole LindAndrew Poturalski1223034%19:03
3Cameron HughesVille PetmanDavid Goyette1222021%11:53
4Max McCormickLuke HenmanMarian Studenic1221010%5:50
5 vs 5 Defense
Line #DefenseDefensePHYDFOFWanted %Time %Time Play
1Ville OttavainenGustav Olofsson1224037%20:32
2Ryker EvansJimmy Schuldt1223031%17:14
3Peetro SeppalaMitch Reinke1222025%13:51
4Ville OttavainenGustav Olofsson122108%4:25
Power Play Forward
Line #Left WingCenterRight WingPHYDFOFWanted %Time %Time Play
1Max McCormickShane WrightMarian Studenic122600%0:00
2Tye KartyeKole LindCameron Hughes122400%0:00
Power Play Defense
Line #DefenseDefensePHYDFOFWanted %Time %Time Play
1Peetro SeppalaGustav Olofsson122600%0:00
2Ryker EvansJimmy Schuldt122400%0:00
Penalty Kill 4 Players Forward
Line #CenterWingPHYDFOFWanted %Time %Time Play
1Marian StudenicMax McCormick12260100%3:58
2Kole LindTye Kartye122400%0:00
Penalty Kill 4 Players Defense
Line #DefenseDefensePHYDFOFWanted %Time %Time Play
1Peetro SeppalaGustav Olofsson1226059%2:21
2Ryker EvansJimmy Schuldt1224041%1:37
Penalty Kill 3 Players
Line #WingPHYDFOFWanted %Time %Time PlayDefenseDefensePHYDFOFWanted %Time %Time Play
1Max McCormick122600%0:00 Ville OttavainenGustav Olofsson122600%0:00
2Kole Lind122400%0:00 Ryker EvansJimmy Schuldt122400%0:00
4 vs 4 Forward
Line #CenterWingPHYDFOFWanted %Time %Time Play
1Marian StudenicMax McCormick122600%0:00
2Kole LindTye Kartye122400%0:00
4 vs 4 Defense
Line #DefensePHYDFOFWanted %Time %Time Play
1Mitch ReinkeGustav Olofsson122600%0:00
2Ryker EvansJimmy Schuldt122400%0:00
Last Minutes Offensive
Left WingCenterRight WingDefenseDefense
Max McCormickShane WrightMarian StudenicJimmy SchuldtGustav Olofsson
Last Minutes Defensive
Left WingCenterRight WingDefenseDefense
Max McCormickShane WrightMarian StudenicJimmy SchuldtGustav Olofsson
Time
Total ForwardTotal DefenseLast Minutes OffensiveLast Minutes Defensive
60:00 60:00 0:000:00
Extra Forwards
Normal PowerPlayPenalty Kill
Kole Lind, Cameron Hughes, Ville PetmanKole Lind, Cameron HughesKole Lind
Extra Defensemen
Normal PowerPlayPenalty Kill
Peetro Seppala, Mitch Reinke, Ville OttavainenPeetro Seppala, Peetro SeppalaMitch Reinke
Penalty Shots
Shane Wright, Marian Studenic, Max McCormick, Tye Kartye, Kole Lind
Goalie
Mads Sogaard, Chris Driedger
Custom OT Lines Forwards
Shane Wright, Marian Studenic, Max McCormick, Tye Kartye, Kole Lind, Cameron Hughes, Ville Petman, Luke Henman, Cal O'Reilly, Andrew Poturalski
Custom OT Lines Defensemen
Mitch Reinke, Gustav Olofsson, Ryker Evans, Jimmy Schuldt, Peetro Seppala
Scratches
Cale Fleury (Right Eye Injury), Ryan Sandelin (Lacerated Right Calf Injury)


Play-by-Play

1st period


0:01 of 1st period - Ben Meyers wins face-off versus Shane Wright in neutral zone.
0:04 of 1st period - Slapshot by Brad Hunt.
0:04 of 1st period - Deflect By Ben Meyers.
0:04 of 1st period - Shot Blocked by Marian Studenic.
0:04 of 1st period - Puck is out of play.
0:05 of 1st period - Ben Meyers wins face-off versus Shane Wright in Coachella Valley Firebirds zone.
0:18 of 1st period - Slapshot by Brad Hunt.
0:18 of 1st period - Deflect By Ben Meyers.
0:18 of 1st period - Shot Misses the Net.
0:18 of 1st period - Puck is out of play.
0:19 of 1st period - Kole Lind wins face-off versus Jean-Luc Foudy in Coachella Valley Firebirds zone.
0:34 of 1st period - Slapshot by Tye Kartye.
0:34 of 1st period - Stopped by Ivan Prosvetov with a rebound.
1:04 of 1st period - Off-side.
1:05 of 1st period - Luke Henman wins face-off versus Chris Wagner in neutral zone.
1:20 of 1st period - Slapshot by Max McCormick.
1:20 of 1st period - Shot Misses the Net.
1:58 of 1st period - Slapshot by Corey Schueneman.
1:58 of 1st period - Shot Blocked by Cameron Hughes.
2:08 of 1st period - Slapshot by Corey Schueneman.
2:08 of 1st period - Stopped by Mads Sogaard with a rebound.
2:46 of 1st period - Off-side.
2:47 of 1st period - Ondrej Pavel wins face-off versus Ville Petman in neutral zone.
3:10 of 1st period - Max McCormick is hit by Chris Wagner and loses puck.
4:08 of 1st period - Wrist shot by Max McCormick.
4:08 of 1st period - Shot Blocked by Ondrej Pavel.
4:10 of 1st period - Backhand shot by Max McCormick.
4:10 of 1st period - Shot Misses the Net.
4:36 of 1st period - Snap shot by Oskar Olausson.
4:36 of 1st period - Shot Misses the Net.
4:38 of 1st period - Wrist shot by Sampo Ranta.
4:38 of 1st period - Deflect By Jean-Luc Foudy.
4:38 of 1st period - Shot Blocked by Ville Ottavainen.
4:38 of 1st period - Puck is out of play.
4:39 of 1st period - Kole Lind wins face-off versus Jean-Luc Foudy in Coachella Valley Firebirds zone.
4:44 of 1st period - Slapshot by Jean-Luc Foudy.
4:44 of 1st period - Deflect By Oskar Olausson.
4:44 of 1st period - Deflect By Andrew Poturalski.
4:44 of 1st period - Stopped by Mads Sogaard without a rebound.
4:45 of 1st period - Riley Tufte wins face-off versus Shane Wright in Coachella Valley Firebirds zone.
5:48 of 1st period - Snap shot by Ville Petman.
5:48 of 1st period - Stopped by Ivan Prosvetov with a rebound.
6:00 of 1st period - Slapshot by Shane Wright.
6:00 of 1st period - Stopped by Ivan Prosvetov with a rebound.
6:02 of 1st period - Backhand shot by Marian Studenic.
6:02 of 1st period - Shot Misses the Net.
6:54 of 1st period - Chris Wagner is hit by Max McCormick.
7:50 of 1st period - Cameron Hughes is hit by Jean-Luc Foudy and loses puck.
11:10 of 1st period - Gustav Olofsson is hit by Chris Wagner.
11:30 of 1st period - Luke Henman is hit by Sampo Ranta and loses puck.
12:03 of 1st period - Wyatt Aamodt is hit by Tye Kartye and loses puck.
13:24 of 1st period - Ondrej Pavel is hit by Ville Petman and loses puck.
14:48 of 1st period - Marian Studenic is hit by Brad Hunt and loses puck.
16:10 of 1st period - Nate Clurman is hit by David Goyette and loses puck.
18:46 of 1st period - Icing by Shane Wright.
18:47 of 1st period - Ondrej Pavel wins face-off versus Shane Wright in Coachella Valley Firebirds zone.
18:48 of 1st period - Snap shot by Sampo Ranta.
18:48 of 1st period - Shot Misses the Net.
19:00 of 1st period - Chris Wagner is hit by David Goyette and loses puck.
Goals for this period are 0 for Colorado Eagles vs 0 for Coachella Valley Firebirds.
Shots for this period are 2 for Colorado Eagles vs 3 for Coachella Valley Firebirds.

2nd period


0:01 of 2nd period - Ben Meyers wins face-off versus Shane Wright in neutral zone.
0:26 of 2nd period - Tye Kartye is hit by Jean-Luc Foudy and loses puck.
0:51 of 2nd period - Off-side.
0:52 of 2nd period - Ben Meyers wins face-off versus Shane Wright in neutral zone.
0:55 of 2nd period - Marian Studenic is hit by Chris Wagner and loses puck.
1:04 of 2nd period - Wrist shot by Shane Wright.
1:04 of 2nd period - Deflect By Max McCormick.
1:04 of 2nd period - Shot Blocked by Keaton Middleton.
1:04 of 2nd period - Puck is out of play.
1:05 of 2nd period - Shane Wright wins face-off versus Ben Meyers in Colorado Eagles zone.
1:06 of 2nd period - Snap shot by Max McCormick.
1:06 of 2nd period - Goal by Max McCormick - Colorado Eagles : 0 - Coachella Valley Firebirds : 1.
1:07 of 2nd period - Ben Meyers wins face-off versus Shane Wright in neutral zone.
1:32 of 2nd period - Ville Ottavainen is hit by Corey Schueneman and loses puck.
1:41 of 2nd period - Snap shot by Jean-Luc Foudy.
1:41 of 2nd period - Deflect By Sampo Ranta.
1:41 of 2nd period - Shot Misses the Net.
1:41 of 2nd period - Puck is out of play.
1:42 of 2nd period - Max McCormick wins face-off versus Ben Meyers in Coachella Valley Firebirds zone.
1:51 of 2nd period - Snap shot by Riley Tufte.
1:51 of 2nd period - Deflect By Chris Wagner.
1:51 of 2nd period - Shot Misses the Net.
1:51 of 2nd period - Puck is out of play.
1:52 of 2nd period - Shane Wright wins face-off versus Ben Meyers in Coachella Valley Firebirds zone.
2:07 of 2nd period - Slapshot by Marian Studenic.
2:07 of 2nd period - Stopped by Ivan Prosvetov with a rebound.
2:15 of 2nd period - Snap shot by Ben Meyers.
2:15 of 2nd period - Shot Misses the Net.
2:17 of 2nd period - Wrist shot by Ben Meyers.
2:17 of 2nd period - Shot Misses the Net.
2:21 of 2nd period - Wrist shot by Riley Tufte.
2:21 of 2nd period - Deflect By Chris Wagner.
2:21 of 2nd period - Shot Misses the Net.
2:21 of 2nd period - Puck is out of play.
2:22 of 2nd period - Jean-Luc Foudy wins face-off versus Kole Lind in Coachella Valley Firebirds zone.
2:37 of 2nd period - Backhand shot by Sampo Ranta.
2:37 of 2nd period - Stopped by Mads Sogaard without a rebound.
2:38 of 2nd period - Ben Meyers wins face-off versus Shane Wright in Coachella Valley Firebirds zone.
2:39 of 2nd period - Wrist shot by Chris Wagner.
2:39 of 2nd period - Stopped by Mads Sogaard with a rebound.
2:41 of 2nd period - Slapshot by Brad Hunt.
2:41 of 2nd period - Shot Blocked by Marian Studenic.
2:43 of 2nd period - Snap shot by Ben Meyers.
2:43 of 2nd period - Goal by Ben Meyers - Colorado Eagles : 1 - Coachella Valley Firebirds : 1.
2:44 of 2nd period - Shane Wright wins face-off versus Ben Meyers in neutral zone.
3:18 of 2nd period - Snap shot by Andrew Poturalski.
3:18 of 2nd period - Shot Misses the Net.
3:32 of 2nd period - Wrist shot by Ville Petman.
3:32 of 2nd period - Stopped by Ivan Prosvetov with a rebound.
3:38 of 2nd period - Snap shot by Cameron Hughes.
3:38 of 2nd period - Shot Misses the Net.
3:40 of 2nd period - Wrist shot by Cameron Hughes.
3:40 of 2nd period - Shot Misses the Net.
3:42 of 2nd period - Wrist shot by Ville Petman.
3:42 of 2nd period - Shot Misses the Net.
3:58 of 2nd period - Snap shot by Ben Meyers.
3:58 of 2nd period - Shot Blocked by Mitch Reinke.
4:00 of 2nd period - Wrist shot by Ben Meyers.
4:00 of 2nd period - Shot Blocked by Peetro Seppala.
4:02 of 2nd period - Slapshot by Keaton Middleton.
4:02 of 2nd period - Shot Blocked by Max McCormick.
4:18 of 2nd period - Wrist shot by Sampo Ranta.
4:18 of 2nd period - Stopped by Mads Sogaard with a rebound.
4:28 of 2nd period - Wrist shot by Riley Tufte.
4:28 of 2nd period - Stopped by Mads Sogaard without a rebound.
4:29 of 2nd period - Chris Wagner wins face-off versus Kole Lind in Coachella Valley Firebirds zone.
5:04 of 2nd period - Slapshot by Jean-Luc Foudy.
5:04 of 2nd period - Shot Blocked by Cameron Hughes.
6:27 of 2nd period - Brad Hunt is hit by Marian Studenic and loses puck.
7:23 of 2nd period - Trenton Bliss is hit by Tye Kartye and loses puck.
7:47 of 2nd period - Icing by Cameron Hughes.
7:48 of 2nd period - Ben Meyers wins face-off versus Ville Petman in Coachella Valley Firebirds zone.
7:49 of 2nd period - Wrist shot by Chris Wagner.
7:49 of 2nd period - Stopped by Mads Sogaard with a rebound.
8:10 of 2nd period - Andrew Poturalski is hit by Ben Meyers and loses puck.
8:32 of 2nd period - Icing by Max McCormick.
8:33 of 2nd period - Shane Wright wins face-off versus Oskar Olausson in Coachella Valley Firebirds zone.
9:06 of 2nd period - Snap shot by Riley Tufte.
9:06 of 2nd period - Stopped by Mads Sogaard with a rebound.
9:08 of 2nd period - Snap shot by Keaton Middleton.
9:08 of 2nd period - Stopped by Mads Sogaard with a rebound.
9:10 of 2nd period - Wrist shot by Ben Meyers.
9:10 of 2nd period - Shot Misses the Net.
9:20 of 2nd period - Snap shot by Spencer Smallman.
9:20 of 2nd period - Shot Blocked by Ville Ottavainen.
9:22 of 2nd period - Snap shot by Spencer Smallman.
9:22 of 2nd period - Deflect By Max McCormick.
9:22 of 2nd period - Stopped by Mads Sogaard without a rebound.
9:23 of 2nd period - Ondrej Pavel wins face-off versus Kole Lind in Coachella Valley Firebirds zone.
9:26 of 2nd period - Snap shot by Spencer Smallman.
9:26 of 2nd period - Stopped by Mads Sogaard without a rebound.
9:27 of 2nd period - Ondrej Pavel wins face-off versus Kole Lind in Coachella Valley Firebirds zone.
9:28 of 2nd period - Snap shot by Spencer Smallman.
9:28 of 2nd period - Stopped by Mads Sogaard with a rebound.
9:30 of 2nd period - Slapshot by Wyatt Aamodt.
9:30 of 2nd period - Stopped by Mads Sogaard with a rebound.
9:32 of 2nd period - Wrist shot by Trenton Bliss.
9:32 of 2nd period - Goal by Trenton Bliss - Colorado Eagles : 2 - Coachella Valley Firebirds : 1.
9:33 of 2nd period - Shane Wright wins face-off versus Ben Meyers in neutral zone.
9:42 of 2nd period - Slapshot by Brad Hunt.
9:42 of 2nd period - Stopped by Mads Sogaard with a rebound.
10:44 of 2nd period - Ben Meyers is hit by Marian Studenic and loses puck.
10:53 of 2nd period - Wrist shot by Corey Schueneman.
10:53 of 2nd period - Deflect By Ben Meyers.
10:53 of 2nd period - Stopped by Mads Sogaard with a rebound.
10:55 of 2nd period - Snap shot by Riley Tufte.
10:55 of 2nd period - Goal by Riley Tufte - Colorado Eagles : 3 - Coachella Valley Firebirds : 1.
10:56 of 2nd period - Shane Wright wins face-off versus Ben Meyers in neutral zone.
11:03 of 2nd period - Gustav Olofsson is hit by Riley Tufte and loses puck.
11:26 of 2nd period - Snap shot by Corey Schueneman.
11:26 of 2nd period - Shot Misses the Net.
11:28 of 2nd period - Wrist shot by Spencer Smallman.
11:28 of 2nd period - Stopped by Mads Sogaard with a rebound.
11:30 of 2nd period - Slapshot by Corey Schueneman.
11:30 of 2nd period - Stopped by Mads Sogaard with a rebound.
11:32 of 2nd period - Slapshot by Corey Schueneman.
11:32 of 2nd period - Deflect By Spencer Smallman.
11:32 of 2nd period - Shot Misses the Net.
11:32 of 2nd period - Puck is out of play.
11:33 of 2nd period - Jean-Luc Foudy wins face-off versus Kole Lind in Coachella Valley Firebirds zone.
11:42 of 2nd period - Slapshot by Oskar Olausson.
11:42 of 2nd period - Goal by Oskar Olausson - Colorado Eagles : 4 - Coachella Valley Firebirds : 1.
11:43 of 2nd period - Ben Meyers wins face-off versus Shane Wright in neutral zone.
11:49 of 2nd period - Minor Penalty to Max McCormick for Cross-checking.
11:50 of 2nd period - Ben Meyers wins face-off versus Marian Studenic in Coachella Valley Firebirds zone.
11:50 of 2nd period - Wrist shot by Chris Wagner.
11:50 of 2nd period - Shot Blocked by Kole Lind.
11:52 of 2nd period - Snap shot by Corey Schueneman.
11:52 of 2nd period - Stopped by Mads Sogaard with a rebound.
11:54 of 2nd period - Slapshot by Corey Schueneman.
11:54 of 2nd period - Shot Blocked by Peetro Seppala.
13:28 of 2nd period - Snap shot by Oskar Olausson.
13:28 of 2nd period - Shot Blocked by Gustav Olofsson.
13:48 of 2nd period - Luke Henman is hit by Sampo Ranta and loses puck.
13:49 of 2nd period - Penalty to Max McCormick is over, Max McCormick is back on ice.
14:09 of 2nd period - Wrist shot by Max McCormick.
14:09 of 2nd period - Stopped by Ivan Prosvetov with a rebound.
14:11 of 2nd period - Slapshot by Ryker Evans.
14:11 of 2nd period - Stopped by Ivan Prosvetov with a rebound.
14:13 of 2nd period - Snap shot by Luke Henman.
14:13 of 2nd period - Stopped by Ivan Prosvetov without a rebound.
14:14 of 2nd period - Ondrej Pavel wins face-off versus Kole Lind in Colorado Eagles zone.
14:52 of 2nd period - Ondrej Pavel is hit by Max McCormick and loses puck.
14:57 of 2nd period - Snap shot by Shane Wright.
14:57 of 2nd period - Stopped by Ivan Prosvetov with a rebound.
14:59 of 2nd period - Slapshot by Gustav Olofsson.
14:59 of 2nd period - Deflect By Max McCormick.
14:59 of 2nd period - Goal by Max McCormick - Colorado Eagles : 4 - Coachella Valley Firebirds : 2.
15:00 of 2nd period - Shane Wright wins face-off versus Ben Meyers in neutral zone.
15:06 of 2nd period - Corey Schueneman is hit by Max McCormick.
15:08 of 2nd period - Slapshot by Riley Tufte.
15:08 of 2nd period - Shot Blocked by Shane Wright.
15:10 of 2nd period - Slapshot by Corey Schueneman.
15:10 of 2nd period - Stopped by Mads Sogaard with a rebound.
15:12 of 2nd period - Wrist shot by Riley Tufte.
15:12 of 2nd period - Shot Misses the Net.
15:14 of 2nd period - Wrist shot by Brad Hunt.
15:14 of 2nd period - Shot Blocked by Ville Ottavainen.
15:16 of 2nd period - Wrist shot by Riley Tufte.
15:16 of 2nd period - Shot Misses the Net.
15:22 of 2nd period - Minor Penalty to Max McCormick for Interference.
15:23 of 2nd period - Ben Meyers wins face-off versus Marian Studenic in Coachella Valley Firebirds zone.
15:24 of 2nd period - Slapshot by Brad Hunt.
15:24 of 2nd period - Shot Misses the Net.
15:36 of 2nd period - Brad Hunt is hit by Marian Studenic and loses puck.
16:00 of 2nd period - Cameron Hughes is hit by Riley Tufte and loses puck.
17:22 of 2nd period - Penalty to Max McCormick is over, Max McCormick is back on ice.
18:21 of 2nd period - Snap shot by Andrew Poturalski.
18:21 of 2nd period - Stopped by Ivan Prosvetov with a rebound.
18:23 of 2nd period - Wrist shot by Ville Petman.
18:23 of 2nd period - Shot Misses the Net.
19:18 of 2nd period - Shane Wright is hit by Riley Tufte.
Goals for this period are 4 for Colorado Eagles vs 2 for Coachella Valley Firebirds.
Shots for this period are 21 for Colorado Eagles vs 9 for Coachella Valley Firebirds.

3rd period


0:01 of 3rd period - Ben Meyers wins face-off versus Shane Wright in neutral zone.
0:06 of 3rd period - Slapshot by Corey Schueneman.
0:06 of 3rd period - Shot Misses the Net.
0:08 of 3rd period - Snap shot by Chris Wagner.
0:08 of 3rd period - Shot Misses the Net.
0:10 of 3rd period - Snap shot by Riley Tufte.
0:10 of 3rd period - Deflect By Ben Meyers.
0:10 of 3rd period - Shot Blocked by Marian Studenic.
0:10 of 3rd period - Puck is out of play.
0:11 of 3rd period - Shane Wright wins face-off versus Ben Meyers in Coachella Valley Firebirds zone.
0:41 of 3rd period - Snap shot by Tye Kartye.
0:41 of 3rd period - Stopped by Ivan Prosvetov without a rebound.
0:42 of 3rd period - Jean-Luc Foudy wins face-off versus Kole Lind in Colorado Eagles zone.
1:12 of 3rd period - Wrist shot by Oskar Olausson.
1:12 of 3rd period - Deflect By Sampo Ranta.
1:12 of 3rd period - Shot Blocked by Jimmy Schuldt.
1:12 of 3rd period - Puck is out of play.
1:13 of 3rd period - Ben Meyers wins face-off versus Shane Wright in Coachella Valley Firebirds zone.
1:24 of 3rd period - Corey Schueneman is hit by Shane Wright and loses puck.
1:29 of 3rd period - Snap shot by Shane Wright.
1:29 of 3rd period - Stopped by Ivan Prosvetov with a rebound.
2:05 of 3rd period - Wrist shot by Jean-Luc Foudy.
2:05 of 3rd period - Stopped by Mads Sogaard with a rebound.
2:07 of 3rd period - Snap shot by Corey Schueneman.
2:07 of 3rd period - Deflect By Sampo Ranta.
2:07 of 3rd period - Stopped by Mads Sogaard with a rebound.
2:09 of 3rd period - Slapshot by Oskar Olausson.
2:09 of 3rd period - Shot Blocked by Jimmy Schuldt.
4:07 of 3rd period - Ville Ottavainen is hit by Riley Tufte and loses puck.
4:20 of 3rd period - Marian Studenic is hit by Brad Hunt and loses puck.
5:05 of 3rd period - Jimmy Schuldt is hit by Riley Tufte and loses puck.
5:24 of 3rd period - Wrist shot by Ben Meyers.
5:24 of 3rd period - Deflect By Jean-Luc Foudy.
5:24 of 3rd period - Shot Misses the Net.
5:24 of 3rd period - Puck is out of play.
5:25 of 3rd period - Sampo Ranta wins face-off versus Shane Wright in Coachella Valley Firebirds zone.
6:32 of 3rd period - Shane Wright is hit by Wyatt Aamodt and loses puck.
6:43 of 3rd period - Peetro Seppala is hit by Keaton Middleton and loses puck.
7:21 of 3rd period - Wrist shot by Max McCormick.
7:21 of 3rd period - Shot Misses the Net.
7:31 of 3rd period - Riley Tufte is hit by Mitch Reinke and loses puck.
7:42 of 3rd period - Wrist shot by Shane Wright.
7:42 of 3rd period - Shot Misses the Net.
7:44 of 3rd period - Slapshot by Mitch Reinke.
7:44 of 3rd period - Shot Blocked by Alex Beaucage.
7:46 of 3rd period - Snap shot by Shane Wright.
7:46 of 3rd period - Stopped by Ivan Prosvetov without a rebound.
7:47 of 3rd period - Kole Lind wins face-off versus Jean-Luc Foudy in Colorado Eagles zone.
7:48 of 3rd period - Snap shot by Andrew Poturalski.
7:48 of 3rd period - Stopped by Ivan Prosvetov with a rebound.
8:12 of 3rd period - Spencer Smallman is hit by Cameron Hughes and loses puck.
8:21 of 3rd period - Snap shot by Cameron Hughes.
8:21 of 3rd period - Shot Blocked by Ondrej Pavel.
8:23 of 3rd period - Snap shot by David Goyette.
8:23 of 3rd period - Shot Misses the Net.
8:25 of 3rd period - Snap shot by Cameron Hughes.
8:25 of 3rd period - Stopped by Ivan Prosvetov with a rebound.
10:59 of 3rd period - Tye Kartye is hit by Spencer Smallman.
12:03 of 3rd period - Icing by Corey Schueneman.
12:04 of 3rd period - Kole Lind wins face-off versus Ben Meyers in Colorado Eagles zone.
12:11 of 3rd period - Wyatt Aamodt is hit by Andrew Poturalski and loses puck.
12:22 of 3rd period - Wyatt Aamodt is hit by Ville Ottavainen and loses puck.
15:44 of 3rd period - Slapshot by Max McCormick.
15:44 of 3rd period - Shot Blocked by Jean-Luc Foudy.
Goals for this period are 0 for Colorado Eagles vs 0 for Coachella Valley Firebirds.
Shots for this period are 2 for Colorado Eagles vs 5 for Coachella Valley Firebirds.